 Dungeon Crawl Stone Soup version 0.30-a0-219-gf2db51d15e (webtiles) character file.

Game seed: 5650055091007049045

7973 ragingrage the Zephyrmancer (level 11, -6/64 HPs)
             Began as a Tengu Air Elementalist on Oct 6, 2022.
             Was an Elder of Vehumet.
             Mangled by a two-headed ogre
             ... wielding a +0 giant club
              (31 damage)
             ... on level 10 of the Dungeon.
             The game lasted 00:23:32 (13727 turns).

ragingrage the Zephyrmancer (TeAE)                 Turns: 13727, Time: 00:23:32

Health: -6/64      AC:  4    Str:  9    XL:     11   Next: 23%
Magic:  9/18       EV: 21    Int: 19    God:    Vehumet [****..]
Gold:   481        SH:  0    Dex: 15    Spells: 2/18 levels left

rFire   + . .      SeeInvis .    b - +10 hammer of Yqeiwk {vorpal, Will+}
rCold   + . .      Faith    .    (no shield)
rNeg    . . .      Spirit   .    O - +0 troll leather armour
rPois   +          Reflect  .    (helmet restricted)
rElec   .          Harm     .    A - scarf {rC+ rF+}
rCorr   .          Rampage  .    (no gloves)
Will    +....                    (boots unavailable)
Stlth   ++........               E - amulet of regeneration
HPRegen 1.90/turn                D - +4 ring of evasion
MPRegen 0.16/turn                q - ring of poison resistance

@: flying quickly and evasively, quick
A: beak, talons 3, nimble flight
a: Renounce Religion


You were on level 10 of the Dungeon.
You worshipped Vehumet.
Vehumet was greatly pleased with you.
You visited 2 branches of the dungeon, and saw 11 of its levels.
You also visited: Sewer and Ossuary.

You collected 601 gold pieces.
You spent 120 gold pieces at shops.

Inventory:

Hand Weapons
 a - a +6 dagger of venom
 b - the +10 hammer of Yqeiwk (weapon) {vorpal, Will+}
   (You found it on level 4 of the Dungeon)

   It inflicts extra damage upon your enemies.
   Will:      It increases your willpower.
 G - a +0 war axe of freezing
Missiles
 s - 32 poisoned darts
 P - a curare-tipped dart
Armour
 y - a +0 robe
 z - a +2 cloak
 A - a scarf of resistance (worn)
 H - +0 steam dragon scales
 O - a +0 troll leather armour (worn)
Jewellery
 h - a +4 ring of evasion
 q - a ring of poison resistance (right hand)
 D - a +4 ring of evasion (left hand)
 E - an amulet of regeneration (around neck)
 J - a ring of see invisible
Wands
 f - a wand of flame (52)
 I - a wand of paralysis (6)
 M - a wand of polymorph (9)
Scrolls
 e - 5 scrolls of teleportation
 g - 5 scrolls of fear
 j - a scroll of immolation {unknown}
 l - 3 scrolls of magic mapping
 m - a scroll of enchant weapon {unknown}
 r - 2 scrolls of identify
 B - 2 scrolls of vulnerability
 K - a scroll of poison {unknown}
 L - a scroll of fog {unknown}
 N - 3 scrolls of summoning
Potions
 c - 2 potions of curing
 d - 3 potions of mutation
 i - 3 potions of berserk rage
 k - 3 potions of lignification
 n - 2 potions of magic
 o - a potion of ambrosia {unknown}
 p - 4 potions of degeneration {unknown}
 t - 2 potions of brilliance
 u - 5 potions of heal wounds
 v - 3 potions of haste
 w - 2 potions of invisibility
 x - 2 potions of cancellation
 C - 2 potions of might {unknown}
 F - 3 potions of attraction {unknown}


   Skills:
 + Level 6.0 Fighting
 - Level 5.0 Armour
 + Level 7.1 Dodging
 - Level 2.0 Stealth
 + Level 4.2 Spellcasting
 + Level 12.1 Conjurations
 + Level 12.8 Air Magic
 + Level 1.1 Poison Magic


You had 2 spell levels left.
You knew the following spells:

 Your Spells              Type           Power      Damage    Failure   Level
a - Shock                 Conj/Air       100%       1d9       1%          1
b - Static Discharge      Conj/Air       100%       2-7/arc   1%          2
c - Swiftness             Air            51%        N/A       1%          3
d - Airstrike             Air            25%        2d(4-20)  1%          4
e - Stone Arrow           Conj/Erth      54%        3d10      1%          3
f - Mephitic Cloud        Conj/Pois/Air  37%        N/A       1%          3

Your spell library contained the following spells:

 Spells                   Type           Power      Damage    Failure   Level
 Summon Small Mammal      Summ           16%        N/A       19%         1
 Call Canine Familiar     Summ           4%         N/A       47%         3
 Gell's Gravitas          Tloc           4%         N/A       47%         3
 Lesser Beckoning         Tloc           8%         N/A       47%         3
 Summon Guardian Golem    Hex/Summ       4%         N/A       47%         3
 Teleport Other           Tloc           4%         N/A       47%         3
 Animate Armour           Summ/Erth      8%         N/A       87%         4
 Lehudib's Crystal Spear  Conj/Erth      13%        10d5      100%        8


Dungeon Overview and Level Annotations

Branches:
Dungeon (10/15)            Temple (1/1) D:6             Orc (0/2) D:9
  Sewer (visited)         Ossuary (visited)
   Lair: D:8-11

Altars:
Ashenzari
Dithmenos
Elyvilon
Fedhas
Gozag
Hepliaklqana
Kikubaaqudgha
Makhleb
Nemelex Xobeh
Qazlal
Ru
Sif Muna
Trog
Uskayaw
Vehumet
Wu Jian
Yredelemnul
Zin

Shops:
D:1 *[**   D:10 !

Annotations:
D:6 1 transporter
D:7 exclusion: downstairs
D:9 exclusion: gargoyle
D:10 3 runed translucent doors, CougarLife's ghost, novice TrFi
Temple 4 transporters


Innate Abilities, Weirdness & Mutations

You have a beak for a mouth.
You have claws for feet.
Your magical nature lets you fly swiftly and evasively.


Message History

There is a stone staircase leading down here.
There is a stone staircase leading down here.
Key pressed, stopping explore.
A two-headed ogre is nearby!
A two-headed ogre is nearby!
The zap misses the two-headed ogre.
The two-headed ogre shouts in stereo!
The zap hits the two-headed ogre!
The two-headed ogre is lightly wounded.
The zap hits the two-headed ogre!
The two-headed ogre is moderately wounded.
The zap hits the two-headed ogre.
The two-headed ogre is moderately wounded.
The zap hits the two-headed ogre.
The two-headed ogre is moderately wounded.
The zap hits the two-headed ogre but does no damage.
The two-headed ogre is moderately wounded.
The zap hits the two-headed ogre!
The two-headed ogre is heavily wounded.
Casting: Shock (safe; 1% risk of failure)
Confirm with . or Enter, or press ? or * to list all spells.
The two-headed ogre is struck by an arc of lightning!
The two-headed ogre is severely wounded.
You are struck by an arc of lightning.
The lightning grounds out.
The two-headed ogre closely misses you.
The two-headed ogre hits you with a +0 giant spiked club!
Casting: Static Discharge (safe; 1% risk of failure)
Confirm with . or Enter, or press ? or * to list all spells.
The two-headed ogre is struck by an arc of lightning.
The two-headed ogre is severely wounded.
You are struck by an arc of lightning.
The two-headed ogre is struck by an arc of lightning.
The two-headed ogre is severely wounded.
You are struck by an arc of lightning.
The two-headed ogre is struck by an arc of lightning.
The two-headed ogre is almost dead.
The lightning grounds out.
The two-headed ogre hits you with a +0 giant club!
The two-headed ogre hits you with a +0 giant spiked club!!
You die...

###### #....# #....#
##....################## ######
.......................#####....#
##.....)...........#............#
##............##...#...#####....#
.#..............@..#...# #....#
.#..###.###.##..O..#...## #....#
....#..##.##..#....#....# #....#
.#..#....#..#.#..###....# #....#
....##.####..##..####.#.#########
##..##.#.#.#.##..##........#
#....###)###.#.###........# ##
#..##.#.#.#..#.# #........# #.
##..##.##.##.##(#####.#.#### #.


You could see a two-headed ogre.

Vanquished Creatures
  A two-headed ogre (D:8)
  A skeletal warrior (D:10)
  Pikel (D:9)
  Maggie (D:6)
  Prince Ribbit (D:7)
  A troll (D:10)
  A hornet (D:10)
  Sigmund (D:4)
  A shadow (D:9)
  4 wraiths (D:10)
  Eustachio (D:5)
  Menkaure (D:6)
  A steam dragon (D:9)
  Edmund (D:6)
  Duvessa (D:4)
  4 orc warriors
  An ice beast (D:7)
  A black bear (D:6)
  5 centaurs
  4 phantoms
  A lemure (D:9)
  4 kobold brigands
  4 bullfrogs
  A gnoll sergeant (D:9)
  2 necrophages
  2 scorpions
  6 wights (D:9)
  Dowan (D:4)
  3 killer bees (D:10)
  3 troll zombies (D:9)
  6 howler monkeys
  2 centaur zombies (Ossuary)
  2 human zombies (Ossuary)
  3 orc priests
  A jelly (D:8)
  A gnoll bouda (D:9)
  2 hounds (D:6)
  Crazy Yiuf (D:4)
  3 iguanas
  10 orc wizards
  3 ogre zombies (D:9)
  2 mummies (Ossuary)
  6 adders
  5 gnolls (D:9)
  3 shadow imps
  2 white imps
  An ufetubus (D:6)
  2 worms (D:3)
  An adder zombie (Ossuary)
  2 dart slugs
  36 orcs
  10 endoplasms
  8 giant cockroaches
  9 goblins
  8 hobgoblins
  23 kobolds
  10 quokkas
  9 ball pythons
  11 bats
  2 frilled lizards (Sewer)
  2 goblin zombies
  12 hobgoblin zombies
  A jackal zombie (Ossuary)
  11 kobold zombies (Ossuary)
  3 orc skeletons (D:9)
  19 orc zombies
  10 rats
  2 rat zombies (Ossuary)
304 creatures vanquished.

Vanquished Creatures (others)
  An orc priest (D:9)
  An orc wizard (D:9)
  An orc (D:4)
  26 plants
29 creatures vanquished.

Grand Total: 333 creatures vanquished

Notes
Turn   | Place    | Note
-------+----------+-------------------------------------------
     0 | D:1      | ragingrage the Tengu Air Elementalist began the quest for
                  | the Orb.
     0 | D:1      | Reached XP level 1. HP: 10/10 MP: 4/4
    17 | D:1      | Found Ruopaess's Assorted Antiques.
    85 | D:1      | Found Ohod's Armour Shop.
   107 | D:1      | Found Ustrets's General Store.
   281 | D:1      | Found a faded altar of an unknown god.
   301 | D:1      | Reached XP level 2. HP: 11/15 MP: 1/6
   419 | D:1      | Learned a level 2 spell: Static Discharge
   644 | D:1      | Found Itoth's Assorted Antiques.
  1068 | D:2      | Reached XP level 3. HP: 19/19 MP: 3/7
  1676 | D:2      | Noticed a phantom
  1688 | D:2      | Killed a phantom
  1689 | D:2      | Reached skill level 5 in Air Magic
  1689 | D:2      | Reached XP level 4. HP: 19/24 MP: 0/9
  1689 | D:2      | Gained mutation: Your magical nature lets you fly swiftly
                  | and evasively. [Tengu growth]
  1689 | D:2      | Reached XP level 5. HP: 22/28 MP: 0/10
  1821 | D:2      | Learned a level 3 spell: Swiftness
  1826 | D:2      | Learned a level 4 spell: Airstrike
  3370 | D:3      | Found a sacrificial altar of Ru.
  3617 | D:4      | Found a glowing drain.
  3663 | Sewer    | Entered a sewer
  3689 | Sewer    | Noticed a kobold brigand
  3708 | Sewer    | Killed a kobold brigand
  3709 | Sewer    | Reached XP level 6. HP: 23/32 MP: 0/12
  4228 | D:4      | Reached skill level 5 in Conjurations
  4270 | D:4      | Noticed Duvessa
  4270 | D:4      | Noticed Dowan
  4277 | D:4      | Killed Duvessa
  4278 | D:4      | Reached XP level 7. HP: 21/36 MP: 3/14
  4285 | D:4      | Killed Dowan
  4358 | D:4      | Noticed Sigmund
  4369 | D:4      | Killed Sigmund
  4639 | D:4      | Identified the +0 helmet of Valiance {*Corrode rPois MP+9}
  4881 | D:4      | Found a stormy altar of Qazlal.
  4883 | D:4      | Noticed a fire elemental
  4884 | D:4      | Noticed a water elemental
  4884 | D:4      | Noticed an air elemental
  5043 | D:4      | Found a runed translucent door.
  5044 | D:4      | Noticed Crazy Yiuf
  5247 | D:4      | Killed Crazy Yiuf
  5272 | D:4      | Identified the +10 hammer of Yqeiwk {vorpal, Will+}
  5305 | D:5      | Entered Level 5 of the Dungeon
  5404 | D:5      | Noticed Eustachio
  5538 | D:5      | Killed Eustachio
  5539 | D:5      | Reached XP level 8. HP: 16/41 MP: 5/15
  6025 | D:5      | Found a glowing silver altar of Zin.
  6487 | D:6      | Found a sparkling altar of Nemelex Xobeh.
  6487 | D:6      | Found a transporter.
  6487 | D:6      | Noticed a shadow
  6487 | D:6      | Noticed a cyclops
  6896 | D:6      | Noticed Menkaure
  6901 | D:6      | Killed Menkaure
  6954 | D:6      | Found a radiant altar of Vehumet.
  6983 | D:6      | Became a worshipper of Vehumet
  7108 | D:6      | Noticed Maggie
  7121 | D:6      | HP: 1/41 [/static electricity (4)]
  7121 | D:6      | Killed Maggie
  7122 | D:6      | Reached skill level 10 in Air Magic
  7532 | D:6      | Noticed Edmund
  7620 | D:6      | Killed Edmund
  7621 | D:6      | Reached skill level 1 in Armour
  7621 | D:6      | Reached XP level 9. HP: 37/46 MP: 6/16
  7799 | D:6      | Found a staircase to the Ecumenical Temple.
  7808 | D:6      | Reached skill level 1 in Fighting
  7813 | Temple   | Entered the Ecumenical Temple
  7813 | Temple   | Found a transporter.
  7813 | Temple   | Found a transporter.
  7815 | Temple   | Found a transporter.
  7815 | Temple   | Found a transporter.
  7979 | D:7      | Found a sand-covered staircase.
  7984 | Ossuary  | Entered an ossuary
  8068 | Ossuary  | Reached * piety under Vehumet
  8068 | Ossuary  | Offered knowledge of Sandblast by Vehumet.
  8084 | Ossuary  | Learned a level 3 spell: Stone Arrow
  8404 | D:7      | Identified the +2 helmet "Osebaxeq" {Harm *Corrode Int+8
                  | Slay+2}
  8746 | D:7      | Noticed Prince Ribbit
  8754 | D:7      | Killed Prince Ribbit
  8755 | D:7      | Reached skill level 10 in Conjurations
  9089 | D:7      | Found a hide-covered altar of Uskayaw.
  9158 | D:8      | Noticed a two-headed ogre
  9263 | D:8      | Reached ** piety under Vehumet
  9449 | D:8      | Offered knowledge of Searing Ray by Vehumet.
  9818 | D:8      | Found a shimmering blue altar of Sif Muna.
  9966 | D:8      | Killed a two-headed ogre
  9967 | D:8      | Reached skill level 5 in Dodging
  9967 | D:8      | Reached XP level 10. HP: 56/56 MP: 17/17
 10374 | D:9      | Offered knowledge of Scorch by Vehumet.
 10578 | D:9      | Reached skill level 5 in Armour
 10619 | D:9      | Reached *** piety under Vehumet
 10800 | D:9      | Found a basalt altar of Yredelemnul.
 10831 | D:9      | Offered knowledge of Kindle Blastsparks by Vehumet.
 10833 | D:9      | Noticed Pikel
 10838 | D:9      | Killed Pikel
 10902 | D:9      | Reached skill level 5 in Fighting
 11355 | D:9      | Found a staircase to the Orcish Mines.
 11758 | D:9      | Noticed a gargoyle
 11892 | D:10     | Entered Level 10 of the Dungeon
 11970 | D:10     | Found a burning altar of Makhleb.
 11988 | D:10     | Found a runed translucent gate.
 11988 | D:10     | Found a runed translucent gate.
 11988 | D:10     | Found a runed translucent gate.
 11991 | D:10     | Noticed CougarLife's ghost (novice TrFi)
 12231 | D:10     | Found the +5 scythe "Finisher" {speed, eviscerate}
 12235 | D:10     | Noticed a skeletal warrior
 12315 | D:10     | Reached XP level 11. HP: 58/64 MP: 14/18
 12333 | D:10     | Reached **** piety under Vehumet
 12540 | D:10     | Offered knowledge of Mephitic Cloud by Vehumet.
 12678 | D:10     | Learned a level 3 spell: Mephitic Cloud
 12710 | D:10     | Noticed a two-headed ogre
 12775 | D:10     | Found Opixked's Distillery.
 12814 | D:10     | Bought a potion of magic for 120 gold pieces
 13072 | D:10     | Found a burning altar of Makhleb.
 13259 | D:10     | Killed a skeletal warrior
 13260 | D:10     | Reached skill level 1 in Poison Magic
 13463 | D:10     | Found Opixked's Distillery.
 13727 | D:10     | Mangled by a two-headed ogre

Illustrated notes

Levels and vault maps discovered:
D:1:      saegor_arrival_simple_b, layout_rooms,
          hellmonk_ecumenical_altar_arch_garden, serial_shops,
          nicolae_shop_statue_plus, shop, shop, shop_statue
D:2:      layout_basic, minmay_misc_feat_more_columns, st_stairs_3
D:3:      layout_loops_corners, mainiacjoe_overflow_catwalk
D:4:      layout_gridville, nicolae_qazlal_style_of_elements,
          portal_sewer_entry_f, kennysheep_small_circle,
          uniq_crazy_yiuf_cottage, uniq_duvessa, uniq_sigmund
D:5:      nicolae_cairo_tiling, layout_loops_ring, zin_treasury, uniq_eustachio
D:6:      layout_basic, mainiacjoe_overflow_small_starburst,
          grunt_nemelex_the_gamble, minmay_temple_entry_nine_rooms,
          uniq_menkaure, uniq_edmund, uniq_maggie
D:7:      layout_loops_cross, mainiacjoe_overflow_alcove_1, enter_ossuary_2,
          uniq_prince_ribbit1
D:8:      layout_basic, kennysheep_mini_moat
D:9:      layout_loops_cross, mainiacjoe_overflow_chevrons, zombieorc1_lemuel,
          kennysheep_diamond, minmay_diced_spiral, uniq_pikel
D:10:     layout_rooms, mainiacjoe_overflow_surrounded_room,
          gammafunk_ghost_spectres, nicolae_stop_n_shop_1,
          minmay_guarded_unrand_finisher
Temple:   hellmonk_temple_divided_pantheon

Skill      XL: |  1  2  3  4  5  6  7  8  9 10 11 |
---------------+----------------------------------+-----
Conjurations   | 2 3 4 5 7 9 10 11 12 | 12.1
Spellcasting   | 3 4 |  4.2
Air Magic      | 5 6 8 10 11 12 | 12.8
Armour         | 1 4 5 |  5.0
Fighting       | 3 5 6 |  6.0
Dodging        | 5 6 7 |  7.1
Poison Magic   | 1 |  1.1
Stealth        | |  2.0

Action                   |  1- 3 |  4- 6 |  7- 9 | 10-12 || total
-------------------------+-------+-------+-------+-------++-------
Melee: Dagger            |     4 |       |     8 |       ||    12
       Kick              |     1 |       |    19 |    22 ||    42
       Peck              |       |       |     9 |    11 ||    20
       Mace              |       |       |    74 |    46 ||   120
       Punch             |       |       |     1 |     1 ||     2
Throw: Dart              |       |       |    13 |     3 ||    16
 Cast: Shock             |    75 |   119 |   203 |   230 ||   627
       Static Discharge  |       |     8 |    39 |    33 ||    80
       Swiftness         |       |       |     1 |       ||     1
       Stone Arrow       |       |       |     3 |       ||     3
       Airstrike         |       |       |       |     9 ||     9
       Mephitic Cloud    |       |       |       |     1 ||     1
Evoke: Wand              |       |       |     2 |     3 ||     5
  Use: Scroll            |       |       |    10 |     4 ||    14
       Potion            |       |       |     4 |     1 ||     5
Armor: Robe              |     6 |     1 |     2 |       ||     9
       Steam dragon scal |       |       |    20 |     9 ||    29
       Troll leather arm |       |       |       |     2 ||     2
Dodge: Dodged            |    12 |     6 |   161 |   160 ||   339

Table legend: (Time is in decaauts)
 A = Elapsed time spent in this place.
 B = Non-inter-level travel time spent in this place.
 C = Inter-level travel time spent in this place.
 D = Time resting spent in this place.
 E = Time spent auto-exploring this place.
 F = Levels seen in this place.
 G = Mean time per level.
                   A        B        C        D        E       F      G
               +--------+--------+--------+--------+--------+-----+--------+
         Total |  13047 |  12806 |    241 |   1559 |   8949 |  13 | 1003.6 |
       Dungeon |  12225 |  11984 |    241 |   1473 |   8459 |  10 | 1222.5 |
        Temple |     16 |     16 |      0 |      0 |      0 |   1 |   16.0 |
         Sewer |    486 |    486 |      0 |     86 |    325 |   1 |  486.0 |
       Ossuary |    319 |    319 |      0 |      0 |    164 |   1 |  319.0 |
               +--------+--------+--------+--------+--------+-----+--------+

Top non-repeatable levels by time:
    D:10: 1741 daAuts
     D:9: 1546 daAuts
     D:6: 1360 daAuts
     D:3: 1327 daAuts
     D:2: 1149 daAuts
     D:4: 1144 daAuts
     D:5: 1006 daAuts
     D:8: 1003 daAuts
     D:1: 977 daAuts
     D:7: 967 daAuts
   Sewer: 486 daAuts
 Ossuary: 319 daAuts
  Temple: 16 daAuts
